 Dungeon Crawl Stone Soup version 0.20.1-1-g8b1a95d (webtiles) character file.

1586 ValdsEpitaph the Cudgeler (level 8, -10/71 HPs)
             Began as a Minotaur Berserker on Oct 24, 2017.
             Was a High Priest of Trog.
             Mangled by an orc warrior
             ... wielding a +0 halberd
              (17 damage)
             ... on level 6 of the Dungeon.
             The game lasted 00:50:21 (4943 turns).

ValdsEpitaph the Cudgeler (Minotaur Berserker)      Turns: 4943, Time: 00:50:22

Health: -10/71     AC:  7    Str: 24    XL:     8   Next: 61%
Magic:  16/16      EV: 12    Int:  4    God:    Trog [*****.]
Gold:   403        SH:  0    Dex: 10    Spells: 7/7 levels left

rFire    . . .     SeeInvis +   G - +0 mace (venom)
rCold    . . .     Gourm    .   (no shield)
rNeg     . . .     Faith    +   R - +0 ring mail (curse)
rPois    .         Spirit   .   (helmet restricted)
rElec    .         Reflect  .   (no cloak)
rCorr    .         Harm     .   (no gloves)
MR       .....                  (no boots)
Stlth    +.........             d - amulet of faith
Regen    0.3/turn               J - ring of see invisible
MPRegen  0.2/turn               e - ring of magical power (curse)

@: no status effects
A: retaliatory headbutt, horns 2, blink, shaggy fur 1
a: Blink, Berserk, Trog's Hand, Brothers in Arms, Burn Spellbooks, Renounce
Religion


You were on level 6 of the Dungeon.
You worshipped Trog.
Trog was extremely pleased with you.
You were not hungry.

You visited 1 branch of the dungeon, and saw 6 of its levels.

You collected 403 gold pieces.

Inventory:

Hand Weapons
 a - a +0 falchion
 r - a +0 hand axe
 v - a +1 whip of electrocution
 A - a +0 hand crossbow
 B - a +0 hunting sling
 G - a +0 mace of venom (weapon)
 H - a +1 spear of venom
 I - a +0 morningstar
 O - a +0 shortbow
Missiles
 j - 167 arrows
 q - 113 stones
 x - 86 bolts
 y - 7 tomahawks (quivered)
 C - 6 poisoned javelins
 F - 67 sling bullets
 N - 6 javelins of returning
Armour
 b - a +0 animal skin
 m - a +0 leather armour
 E - a +2 ring mail of magic resistance
 K - a +0 scale mail
 L - a +0 chain mail
 R - a cursed +0 ring mail (worn)
Jewellery
 d - an amulet of faith (around neck)
 e - a cursed ring of magical power (right hand)
 i - an uncursed ring of fire
 J - a ring of see invisible (left hand)
Wands
 D - a wand of lightning (11/15)
 Q - a wand of paralysis (6/24)
Scrolls
 h - 3 scrolls of immolation {unknown}
 k - 4 scrolls of identify {unknown}
 n - 2 scrolls of fear {unknown}
 o - 6 scrolls of teleportation {unknown}
 w - a scroll of remove curse {unknown}
 P - a scroll of enchant weapon {unknown}
Potions
 f - a potion of cancellation {unknown}
 l - 2 potions of haste {unknown}
 p - 2 potions of heal wounds {unknown}
 s - 2 potions of flight {unknown}
 t - 5 potions of curing {unknown}
 z - a potion of agility {unknown}
 S - a potion of ambrosia {unknown}
Comestibles
 c - 3 bread rations
 g - 5 meat rations
 u - 5 fruits
 M - 9 chunks of flesh


   Skills:
 + Level 6.4 Fighting
 + Level 4.2 Long Blades
 + Level 4.8(6.5) Axes
 + Level 6.6(7.4) Maces & Flails
 + Level 6.1 Armour
 + Level 4.3 Dodging
 + Level 2.4 Stealth


You had 7 spell levels left.
You didn't know any spells.

Dungeon Overview and Level Annotations

Branches:
Dungeon (6/15)
 Temple: D:4-7

Altars:
Dithmenos
Hepliaklqana
Makhleb
Ru
Xom
Yredelemnul
Zin


Innate Abilities, Weirdness & Mutations

You reflexively headbutt those who attack you in melee.
You have a pair of horns on your head.
You can translocate small distances at will.
You are covered in fur. (AC +1)


Message History

You feel yourself speed up.
Some of the chunks of flesh in your inventory have rotted away.
h - 3 scrolls labeled RUAKHO GERCH (gained 1)
An orc warrior comes into view. It is wielding a halberd.
The orc warrior shouts!
Found a stone staircase leading down.
An orc comes into view. It is wielding a mace.
The orc moves out of view.
The orc warrior hits you with a halberd!
You sock the orc warrior!
The orc warrior is poisoned.
The orc warrior is moderately wounded.
You recover from your berserk rage.
You completely miss the orc warrior.
The orc warrior is moderately wounded.
The orc warrior hits you with a halberd!
* * * LOW HITPOINT WARNING * * *
You closely miss the orc warrior.
The orc warrior is heavily wounded.
The orc warrior hits you with a halberd!
You die...

##############
#>..o@.......#
#.####.#####.###
##### #.# #.....#
#.... #..
#...#.###....
#..##...#.#......
....#...#........
###.######.......
.. #.#.....
#.#.....


You could see an orc warrior.

Vanquished Creatures
  Menkaure (D:6)
  A black bear (D:6)
  A sky beast (D:5)
  2 ogres
  A centaur (D:6)
  A bullfrog (D:6)
  3 howler monkeys
  A crimson imp (D:5)
  3 hounds
  8 orc wizards
  A centaur skeleton (D:4)
  3 orc priests (D:3)
  A bullfrog skeleton (D:6)
  2 iguanas
  3 worker ants
  A howler monkey zombie (D:5)
  A worker ant zombie (D:5)
  4 gnolls (D:3)
  4 adders
  An ooze (D:4)
  An adder zombie (D:5)
  An adder skeleton (D:4)
  2 worms
  A dart slug (D:2)
  4 leopard geckos
  25 orcs
  2 bat skeletons (D:2)
  A bat zombie (D:2)
  15 giant cockroaches
  7 goblins
  7 hobgoblins
  2 jackals (D:1)
  2 quokkas
  6 bats
  4 frilled lizards
  11 kobolds
  8 rats
  A fungus (D:3)
  A withered plant (D:2)
144 creatures vanquished.

Notes
Turn   | Place    | Note
-------+----------+-------------------------------------------
     0 | D:1      | ValdsEpitaph the Minotaur Berserker began the quest for the Orb.
     0 | D:1      | Reached XP level 1. HP: 19/19 MP: 0/0
   197 | D:1      | Reached XP level 2. HP: 27/27 MP: 1/1
   838 | D:2      | Found a glowing silver altar of Zin.
   838 | D:2      | Noticed an angel
   909 | D:2      | Reached XP level 3. HP: 28/33 MP: 2/2
   932 | D:2      | Found a shimmering altar of Xom.
   982 | D:2      | Reached ** piety under Trog
  1395 | D:2      | Reached skill level 1 in Axes
  1537 | D:3      | Found a shadowy altar of Dithmenos.
  1560 | D:3      | Reached XP level 4. HP: 33/41 MP: 3/3
  1774 | D:3      | Found a burning altar of Makhleb.
  1790 | D:3      | Reached XP level 5. HP: 33/47 MP: 4/4
  1818 | D:3      | Reached skill level 5 in Fighting
  1935 | D:3      | Reached skill level 1 in Stealth
  1977 | D:3      | Reached *** piety under Trog
  2087 | D:3      | Reached XP level 6. HP: 36/56 MP: 5/5
  2681 | D:3      | Found a sacrificial altar of Ru.
  2737 | D:3      | Reached **** piety under Trog
  3108 | D:4      | Found a basalt altar of Yredelemnul.
  3274 | D:4      | Reached skill level 1 in Maces & Flails
  3368 | D:4      | Reached XP level 7. HP: 44/61 MP: 6/6
  3509 | D:5      | Entered Level 5 of the Dungeon
  3955 | D:5      | Received a gift from Trog
  4085 | D:5      | Gained mutation: You are robust. (+10% HP) [mutagenic meat]
  4086 | D:5      | Gained mutation: You can translocate small distances at will. [mutagenic meat]
  4087 | D:5      | Gained mutation: You are covered in fur. (AC +1) [mutagenic meat]
  4088 | D:5      | Lost mutation: You are robust. (+10% HP) [mutagenic meat]
  4606 | D:6      | Reached skill level 5 in Armour
  4612 | D:6      | Reached skill level 5 in Maces & Flails
  4612 | D:6      | Reached XP level 8. HP: 70/70 MP: 7/7
  4860 | D:6      | Found a hazy altar of Hepliaklqana.
  4871 | D:6      | Noticed Menkaure
  4891 | D:6      | Killed Menkaure
  4891 | D:6      | Reached ***** piety under Trog
  4943 | D:6      | Mangled by an orc warrior

Skill      XL: |  1  2  3  4  5  6  7  8 |
---------------+-------------------------+-----
Long Blades    | 4 |  4.2
Fighting       | 4 5 6 |  6.4
Axes           | 1 2 3 4 |  4.8
Dodging        | 3 4 |  4.3
Stealth        | 1 2 |  2.4
Armour         | 3 5 6 |  6.1
Maces & Flails | 1 5 6 |  6.6

Action                   |  1- 3 |  4- 6 |  7- 9 || total
-------------------------+-------+-------+-------++-------
Melee: Falchion          |    79 |       |       ||    79
       Headbutt          |    24 |    29 |    16 ||    69
       Hand axe          |    46 |    70 |       ||   116
       Mace              |       |    50 |   109 ||   159
Invok: Berserk           |       |     2 |     2 ||     4
  Eat: Chunk             |     2 |     4 |    10 ||    16
       Meat ration       |       |     1 |       ||     1
Armor: Animal skin       |    10 |       |       ||    10
       Leather armour    |    24 |    11 |       ||    35
       Ring mail         |       |    29 |    36 ||    65
Dodge: Dodged            |    74 |    79 |    68 ||   221
       Rpst.: Falchion   |     7 |       |       ||     7
